Unix NetHack Version 3.7.0-101 Work-in-progress - last build Mar 4 2024 02:26:32 (3c4ac04b664b9ee0831c739617f054b5b60dbfd1,branch:master). Game began 2024-03-04 19:44:43, ended 2024-03-09 19:31:22. laycre, neutral female human Monk --------------------------------- |............a@.................| ---------- |..-----..--|----.-----....----.| |.......*.# |..|(.(|..|..|..|.|...|.---|..|.| |........|### |..|(((|..|..|..-.|._.|.|..|..|.| ----- |........|######|..|...|.--------.|...|.|..|-|-.| |...| |<.......| ####-..--|--.|...|....%...|.|..|....| ########..%^| |........ #|........|...-)...|----.-|--..{..### ## |>..| ---------- #|.-----..-----.--||..-..........| ----- |.|!%.|........|..|..|..-|--....- |.|%!.-....---||..|----.|..|-|-.| |.-----.---|...|--|!%[|.|..|%.|.| |.......|..|(%(|..|.?.|.---|..|.| |.......-..|(.%|..|!%.-....|..|.| |.{.....---------|-----....----.| |...............................| --------------------------------- Laycre the Initiate St:17 Dx:18 Co:12 In:9 Wi:14 Ch:11 Neutral Dlvl:7 $:2335 HP:0(35) Pw:18(30) AC:2 Xp:6/524 T:2918 Latest messages: Abitibi offers 23 gold pieces for your crossbow bolts. Sell them? [ynaq] (n) y You sold 23 crossbow bolts for 23 gold pieces. You drop a crossbow. Abitibi offers 20 gold pieces for your crossbow. Sell it? [ynaq] (n) n You drop a rotted crossbow. Abitibi offers 25 gold pieces for your crossbow. Sell it? [ynaq] (n) y You sold a rotted crossbow for 25 gold pieces. Your movements are now unencumbered. You have a little trouble lifting a crossbow. Continue? [ynq] (q) y You have a little trouble lifting y - a crossbow. Your movements are slowed slightly because of your load. What do you want to drop? [$a-qstv-zA-DF-KM-SZ or ?*] y You drop a crossbow. Abitibi offers 20 gold pieces for your crossbow. Sell it? [ynaq] (n) y You sold a crossbow for 20 gold pieces. Your movements are now unencumbered. What do you want to drop? [$a-qstv-xzA-DF-KM-SZ or ?*] O You drop an orcish helm. Abitibi offers 5 gold pieces for your orcish helm. Sell it? [ynaq] (n) n O - an orcish helm. What do you want to drop? [$a-qstv-xzA-DF-KM-SZ or ?*] D You drop a scroll labeled ELAM EBOW. Abitibi offers 50 gold pieces for your scroll labeled ELAM EBOW. Sell it? [ynaq] (n) n D - a scroll labeled ELAM EBOW. What do you want to call? [glnpqwxzABDGJKNP-R or ?*] D Call a scroll labeled ELAM EBOW: elam 100 You see here a scroll of remove curse (for sale, 80 zorkmids). There are several objects here. What do you want to drop? [$a-qstv-xzA-DF-KM-SZ or ?*] O You drop an orcish helm. Abitibi offers 5 gold pieces for your orcish helm. Sell it? [ynaq] (n) y You sold an orcish helm for 5 gold pieces. You do not owe Abitibi anything. This door is locked. Unlock it with your lock pick? [ynq] (q) y You succeed in picking the lock. The door opens. The gnome lord hits! You hit the gnome lord! You kill the gnome lord! You see here a gnome lord corpse. You swap places with the peaceful invisible watchman. You hear someone beseeching Huan Ti. The giant beetle bites! The air around you begins to shimmer with a golden haze. The giant beetle bites! You hit the giant beetle! The giant beetle bites! You die... Do you want your possessions identified? [ynq] (y) q Inventory: Coins ('$') $ - 2335 gold pieces Amulets ('"') v - an uncursed amulet of magical breathing (being worn) Weapons (')') s - 17 uncursed +0 darts (at the ready) Armor ('[') a - a blessed +2 pair of leather gloves (being worn) b - an uncursed burnt +1 robe (being worn) Comestibles ('%') I - an uncursed cream pie f - 7 uncursed food rations i - 4 uncursed fortune cookies h - 6 uncursed oranges m - 2 uncursed lichen corpses Scrolls ('?') B - 2 uncursed scrolls of amnesia w - 2 uncursed scrolls of destroy armor g - a blessed scroll of enchant armor R - 2 uncursed scrolls of enchant armor Q - an uncursed scroll of identify d - 2 uncursed scrolls of light q - a cursed scroll of remove curse A - an uncursed scroll of stinking cloud J - an uncursed scroll of taming D - an uncursed scroll of teleportation Spellbooks ('+') c - a blessed spellbook of protection Potions ('!') z - a blessed potion of enlightenment G - an uncursed potion of hallucination e - 7 uncursed potions of healing N - an uncursed potion of invisibility x - an uncursed potion of monster detection P - a cursed potion of monster detection Rings ('=') n - an uncursed ring of cold resistance (on right hand) H - an uncursed ring of invisibility Wands ('/') F - an uncursed wand of digging (0:8) o - an uncursed wand of digging (0:3) M - an uncursed wand of secret door detection (0:13) p - an uncursed wand of speed monster (0:7) Tools ('(') t - an uncursed blindfold S - an uncursed can of grease (0:6) Z - an uncursed expensive camera (0:73) k - an uncursed lock pick C - an uncursed magic marker (0:49) j - an uncursed magic marker (0:20) l - an uncursed oil lamp Gems/Stones ('*') K - an uncursed garnet stone Laycre the Monk's attributes: Background: You were an Initiate, a level 6 female human Monk. You were neutral, on a mission for Chih Sung-tzu who was opposed by Shan Lai Ching (lawful) and Huan Ti (chaotic). You were right-handed. You were in the Gnomish Mines, on level 7. You entered the dungeon 2918 turns ago. There was a new moon in effect when your adventure ended. You had 524 experience points, 116 more were needed to attain level 7. Basics: You had 0 out of 35 hit points. You had 18 out of 30 energy points (spell power). Your armor class was 2. Your wallet contained 2335 zorkmids. Autopickup was on for '$=/!?"' plus thrown, with exceptions. Final Characteristics: Your strength was 17 (limit:18/100). Your dexterity was 18 (limit:18). Your constitution was 12 (limit:18). Your intelligence was 9 (limit:18). Your wisdom was 14 (limit:18). Your charisma was 11 (limit:18). Final Status: You weren't hungry. You were unencumbered. You were empty handed. You were skilled in martial arts. Final Attributes: You were piously aligned. You were cold resistant. Your items were protected from cold. You were sleep resistant. You were poison resistant. You saw invisible. You were stealthy. You could survive without air. You had a small defense bonus (+3). You were guarded. You were fast. You are dead. Miscellaneous: You never encountered a bones level. Total elapsed playing time was 31 minutes and 17 seconds. Major events: Turn 1: laycre the neutral female human Monk entered the dungeon 589: attained the rank of Novice (level 3) 653: entered the Gnomish Mines 2268: reached Mine Town 2309: attained the rank of Initiate (level 6) 2918: killed by a giant beetle Vanquished creatures: a small mimic a dingo a rock mole a yellow light 5 gnome leaders 3 gnomish wizards a gray ooze a dwarf a kobold shaman 2 hill orcs a rothe a rabid rat 5 dwarf zombies 2 iguanas 2 coyotes a hobbit 3 hobgoblins 4 cave spiders a yellow mold 11 gnomes 5 garter snakes a gnome zombie 2 jackals 2 kobolds 3 goblins 8 sewer rats 10 grid bugs 4 lichens 4 newts 87 creatures vanquished. No species were genocided or became extinct. Voluntary challenges: You followed a strict vegan diet. You never hit with a wielded weapon. You read items or engraved 8 times. You never engraved Elbereth. You never genocided any monsters. You never polymorphed an object. You never changed form. You used no wishes. Achievements: You attained the rank of Novice. You entered the Gnomish Mines. You entered a shop. You entered Minetown. You entered a temple. You attained the rank of Initiate. The Dungeons of Doom: levels 1 to 7 Level 1: Some fountains. Level 2: "vault, closet" A fountain. Level 3: Stairs down to The Gnomish Mines. Level 4: A fountain. Level 5: Many altars. Level 6: An altar, a fountain. Level 7: The Gnomish Mines: levels 4 to 8 Level 4: Level 7: <- You were here. A temple and an altar, some fountains. Final resting place for you, killed by a giant beetle. Level 8: Game over: ---------- / \ / REST \ / IN \ / PEACE \ / \ | laycre | | 2335 Au | | killed by a | | giant beetle | | | | | | 2024 | *| * * * | * _________)/\\_//(\/(/\)/\//\/|_)_______ Goodbye laycre the Monk... You died in The Gnomish Mines on dungeon level 7 with 4578 points, and 2335 pieces of gold, after 2918 moves. You were level 6 with a maximum of 35 hit points when you died.